 Dungeon Crawl Stone Soup version 0.13-a0-2382-gbc6a47d (webtiles) character file.

133366 Grabo the Bludgeoner (level 16, -1/119 HPs)
             Began as a Demonspawn Abyssal Knight on July 14, 2013.
             Was the Champion of Lugonu.
             Slain by an emperor scorpion (10 damage)
             ... on Level 1 of the Spider Nest.
             The game lasted 02:38:36 (42322 turns).

Grabo the Bludgeoner (Demonspawn Abyssal Knight)   Turns: 42322, Time: 02:38:37

HP  -1/119       AC 18     Str 13      XL: 16   Next: 52%
MP  29/29        EV 28     Int 20      God: Lugonu [******]
Gold 3318        SH 32     Dex 25      Spells:  3 memorised, 11 levels left

Res.Fire  : . . .   See Invis. : .   a - +0,+7 eveningstar "Arhaithe" {crush, Int+3 Res.Cold : + . . Warding : . j - +1 mottled dragon armour Life Prot.: . . . Conserve : . N - +0 dwarf shield
Res.Poison: +       Res.Corr.  : .   c - +2 wizard hat {Int+3}
Res.Elec. : .       Clarity    : .   K - +1 cloak
Sust.Abil.: . .     Spirit.Shd : .   z - +2 pair of fencer's gloves {EV+3 Dex+3 Acc Res.Mut. : . Stasis : . (boots unavailable) Res.Rott. : . Flight : . g - amulet of the gourmand Gourmand : + O - ring of poison resistance t - +4 ring of evasion

@: exhausted, slowed, very slow, quite resistant to hostile enchantments, fairly
stealthy
A: horns 1, talons 3, berserk 1, cold resistance 1, deformed body, fast
metabolism 1, magic resistance 1, spiny 1, wild magic 1, AC +4, SH +6, Dex +3
a: Depart the Abyss, Bend Space, Banish, Corrupt, Enter the Abyss, Renounce
Religion


You were on level 1 of the Spider Nest.
You worshipped Lugonu.
Lugonu was exalted by your worship.
You were very full.

You visited 7 branches of the dungeon, and saw 36 of its levels.
You visited the Abyss 1 time.
You also visited: Labyrinth.

You collected 3444 gold pieces.
You spent 146 gold pieces at shops.

Inventory:

Hand weapons
 a - the +0,+7 eveningstar "Arhaithe" (weapon) {crush, Int+3}
   (You acquired it on level 11 of the Dungeon)

   It inflicts extra damage upon your enemies.
   It affects your intelligence (+3).
Missiles
 T - 5 javelins (quivered)
Armour
 c - a +2 wizard hat of intelligence (worn)
 j - a +1 mottled dragon armour (worn)
 z - the +2 pair of fencer's gloves (worn) {EV+3 Dex+3 Acc+8}
   (You acquired it on level 7 of the Lair of Beasts)

   It affects your evasion (+3).
   It affects your dexterity (+3).
   It affects your accuracy (+8).
 K - a +1 cloak (worn)
 N - a +0 dwarven shield (worn)
Magical devices
 h - a wand of lightning (8)
 n - a wand of paralysis (11)
 v - a wand of lightning (5)
 y - a wand of draining (3)
Scrolls
 d - a scroll of teleportation
 e - a scroll of remove curse
 i - 3 scrolls of fear
 m - 5 scrolls of identify
 u - a scroll of magic mapping
 C - 2 scrolls of fog
Jewellery
 b - an uncursed ring of teleport control
 g - an amulet of the gourmand (around neck)
 t - a +4 ring of evasion (left hand)
 w - an uncursed ring of see invisible
 A - a +3 ring of dexterity
 I - an uncursed ring of invisibility
 O - a ring of poison resistance (right hand)
 Z - an uncursed ring of teleportation
Potions
 f - a potion of restore abilities
 l - 7 potions of curing
 p - a potion of heal wounds
 r - 3 potions of speed
 P - 4 potions of resistance
Miscellaneous
 x - a sack of spiders
 B - a fan of gales


   Skills:
 - Level 10.0 Fighting
 + Level 16.7 Maces & Flails
 - Level 10.0 Armour
 - Level 10.2 Dodging
 - Level 10.0 Shields
 - Level 7.0 Traps
 + Level 5.1 Charms
 - Level 10.0 Invocations


You had 11 spell levels left.
You knew the following spells:

 Your Spells              Type           Power        Failure   Level  Hunger
a - Apportation           Tloc           #.........   45%         1    ##.....
b - Repel Missiles        Chrm/Air       ###.......   30%         2    ###....
c - Animate Skeleton      Necr           N/A          45%         1    ##.....


Dungeon Overview and Level Annotations

Branches:
Dungeon (20/27)            Temple (1/1) D:7             Orc (4/4) D:8
    Elf (1/3) Orc:4          Lair (8/8) D:11         Shoals (1/5) Lair:6
 Spider (1/5) Lair:6        Slime (0/6) Lair:6       Vaults (0/5) D:20

Altars:
Cheibriados
Elyvilon
Fedhas
Okawaru
Sif Muna
Vehumet
Yredelemnul
Zin
the Shining One
Beogh
Jiyva

Shops:
D:4: / D:6: ( D:16: [[ Orc:4: =([*

Portals:
Trove: D:12 (give 2 scrolls of acquirement)

Annotations
D:5 exclusion: oklob plant
D:20 !Wiglaf Rupert 18humies trap, Jory, Rupert, Wiglaf
Elf:1 !1DE demo, DE high priest, DE knight, yaktaur, 3 DE cj
Abyss:1 Grinder


Innate Abilities, Weirdness & Mutations

You have claws for feet.
You are completely covered in large bone plates (AC +4, SH +6).
Your flesh is cold resistant.
You are partially covered in sharp spines.
You have a pair of small horns on your head.
You are agile (Dex +3).
You tend to lose your temper in combat.
Armour fits poorly on your strangely shaped body.
You have a fast metabolism.
You are resistant to hostile enchantments.
Your spells are a little harder to cast, but a little more powerful.


Message History

* * * LOW HITPOINT WARNING * * *
The wolf spider hits you but does no damage.
You hit the emperor scorpion. You claw the emperor scorpion.
The emperor scorpion is almost dead.
The wolf spider misses you. You block the wolf spider's attack.
You block the emperor scorpion's attack.
The emperor scorpion barely misses you. The emperor scorpion claws you!
* * * LOW HITPOINT WARNING * * *
The wolf spider closely misses you. You block the wolf spider's attack.
The emperor scorpion stings you!
* * * LOW HITPOINT WARNING * * *
The emperor scorpion completely misses you.
You block the emperor scorpion's attack.
Drink which item? (? for menu, Esc to quit)
You feel much better. You block the wolf spider's attack.
You block the wolf spider's attack. The emperor scorpion stings you!
* * * LOW HITPOINT WARNING * * *
You block the emperor scorpion's attack.
The emperor scorpion claws you!
You die...

### ######
###....#######
#####^.....#^....#
#^........#^..^..#
##...?.############
.......###...#...>#
...^#.##.....^.s@.#
....###..%%###>ss##
....###....####^..#
.....##.....# ##..#
.....#####..# .^..#
.....%..^...# .^..#
...........## ##..#
.#...^.##### ..#
####.....# #


You could see an emperor scorpion, a wolf spider and a redback.

Vanquished Creatures
  Gastronok (Orc:2)
  Jorgrun (D:20)
  A stone giant (Orc:3)
  A great orb of eyes (D:17)
  A vault guard (D:12)
  2 ettins (Orc:4)
  A minotaur (Lab)
  A dragon (D:18)
  6 hydras
  Josephine (D:15)
  Nessos (D:16)
  3 ogre magi
  Erica (Orc:3)
  6 death yaks
  Nergalle (Lair:5)
  8 centaur warriors
  3 catoblepae
  A flayed ghost (D:19)
  3 unseen horrors
  A sea snake (Shoals:1)
  A harpy (shapeshifter) (D:18)
  3 giant amoebae
  Erolcha (Orc:2)
  5 hill giants
  7 griffons
  Joseph (D:12)
  The ghost of smajdalf the Conjurer, an experienced TeCj of Vehumet (D:8)
  2 deep elf conjurers (Orc:4)
  2 orc sorcerers (Orc:2)
  7 wolf spiders
  An orc knight (D:17)
  4 spiny worms
  15 cyclopes
  A red wasp (Spider:1)
  19 elephants
  A sphinx skeleton (D:16)
  A stone giant skeleton (D:18)
  Maurice (Orc:2)
  An oklob plant (Lair:8)
  5 black mambas
  Psyche (Orc:2)
  20 spiny frogs
  3 fire drakes
  5 jumping spiders (Spider:1)
  An efreet (D:15)
  A hydra zombie (D:15)
  12 komodo dragons
  5 orb spiders (Spider:1)
  7 trolls
  10 two-headed ogres
  A giant firefly (shapeshifter) (D:16)
  7 polar bears
  A catoblepas skeleton (D:15)
  2 ravens (shapeshifter)
  30 slime creatures
  5 redbacks
  4 trapdoor spiders (Spider:1)
  19 blink frogs
  12 grizzly bears
  56 ugly things
  A stone giant simulacrum (D:20)
  45 yaks
  A vampire (D:17)
  4 basilisks
  An elephant slug (Lair:7)
  A merfolk (Shoals:1)
  2 wraiths
  2 tarantellas (Spider:1)
  A hill giant zombie (D:16)
  3 wyverns
  A hungry ghost (D:8)
  5 vampire mosquitoes
  A deep elf fighter (Orc:4)
  A steam dragon (D:11)
  A hill giant skeleton (D:15)
  8 hippogriffs
  3 manticores
  4 shadows
  A draconian (D:14)
  A rock worm (D:19)
  Menkaure (D:5)
  An agate snail zombie (D:17)
  23 wolves
  2 mottled dragons
  5 porcupines
  A necrophage (D:14)
  A deep troll skeleton (D:18)
  3 phantoms
  17 orc warriors
  4 sky beasts
  2 dwarves (D:8)
  3 ice beasts
  7 black bears
  4 giant goldfish (Lair:7)
  A naga (D:14)
  21 ogres
  2 blink frog skeletons
  A spiny worm simulacrum (D:15)
  A boring beetle (Lair:8)
  12 centaurs
  5 big kobolds
  12 crocodiles
  21 giant frogs
  9 giant slugs
  17 water moccasins
  A yaktaur zombie (D:20)
  Blork the orc (D:7)
  A yaktaur skeleton (D:17)
  5 agate snails
  2 jellyfish (Lair:7)
  An eye of draining (D:14)
  7 killer bees
  3 yak zombies
  10 wights
  3 yak skeletons
  A hippogriff skeleton (D:12)
  2 troll skeletons
  A centaur zombie (D:11)
  6 crimson imps
  4 goliath beetles
  10 hounds
  A giant frog zombie (D:8)
  13 orc priests
  8 spiders (Spider:1)
  Crazy Yiuf (D:3)
  9 iguanas
  27 orc wizards
  A scorpion (D:8)
  7 worker ants
  4 big fish
  A two-headed ogre skeleton (D:15)
  47 sheep
  Ijyb (D:2)
  Jessica (D:2)
  An ogre skeleton (D:5)
  2 big kobold skeletons
  A mottled dragon skeleton (D:14)
  7 boggarts
  5 jellies
  A hound skeleton (D:5)
  Terence (D:2)
  10 gnolls
  24 adders
  A lemure (Orc:4)
  58 green rats
  8 giant centipedes
  3 giant mites
  2 goliath beetle zombies
  9 worms
  A giant centipede zombie (D:8)
  An orc zombie (Orc:2)
  An adder skeleton (D:7)
  2 giant eyeballs
  10 giant geckos
  An ooze (D:1)
  128 orcs
  17 bats
  A bat skeleton (D:5)
  A bat zombie (D:6)
  3 giant cockroaches
  15 hobgoblins
  16 quokkas
  3 ball pythons
  7 giant newts
  A giant spore (D:10)
  A gnoll skeleton (D:4)
  17 goblins
  24 jackals
  A jackal skeleton (D:4)
  50 kobolds
  A kobold skeleton (D:5)
  An orc skeleton (D:4)
  18 rats
  A spectral orc (Lair:5)
  4 ballistomycetes (D:10)
  2 bushes (Lair:7)
  2 fungi
1230 creatures vanquished.

Vanquished Creatures (collateral kills)
  An oklob plant (Lair:8)
1 creature vanquished.

Vanquished Creatures (others)
  An ettin (Orc:4)
  A hydra (D:18)
  A redback (Lair:6)
  A tarantella (Lair:6)
  A porcupine (Lair:4)
  A black bear (Lair:8)
  An ogre (D:3)
  A giant frog (Lair:4)
  A wight (D:10)
  11 spiders
  A scorpion (Spider:1)
  2 green rats (Lair:7)
  A giant mite (Lair:8)
  An ufetubus (Orc:4)
  2 orcs
  A human (D:20)
  A kobold (D:2)
  A giant spore (D:10)
  8 fungi
  6 plants
44 creatures vanquished.

Grand Total: 1275 creatures vanquished

Notes
Turn   | Place    | Note
--------------------------------------------------------------
     0 | Abyss:1  | Grabo, the Demonspawn Abyssal Knight, began the quest for the Orb.
     0 | Abyss:1  | Reached XP level 1. HP: 16/16 MP: 1/1
    58 | Abyss:1  | Noticed an ancient zyme
    60 | Abyss:1  | Noticed a sun demon
    61 | Abyss:1  | Noticed a red devil
    62 | Abyss:1  | Noticed a balrug
    62 | D:1      | Escaped the Abyss
   120 | D:1      | Acquired Lugonu's first power
   364 | D:1      | Gained mutation: You are partially covered in large bone plates (AC +2, SH +2). [demonic ancestry]
   364 | D:1      | Reached XP level 2. HP: 8/22 MP: 3/3
   830 | D:1      | Acquired Lugonu's second power
  1100 | D:1      | Reached XP level 3. HP: 26/28 MP: 4/4
  1346 | D:2      | Noticed Terence
  1346 | D:2      | Noticed Jessica
  1365 | D:2      | Killed Terence
  1368 | D:2      | Killed Jessica
  1373 | D:2      | Reached XP level 4. HP: 19/34 MP: 6/6
  1573 | D:2      | Reached skill level 4 in Invocations
  1665 | D:2      | Noticed Ijyb
  1694 | D:2      | Killed Ijyb
  1737 | D:2      | Acquired Lugonu's third power
  1995 | D:3      | Reached XP level 5. HP: 18/39 MP: 8/8
  2243 | D:3      | Found a deep blue altar of Sif Muna.
  2243 | D:3      | Found a basalt altar of Yredelemnul.
  2326 | D:3      | Noticed an ogre
  2327 | D:3      | Banished an ogre
  2330 | D:3      | Noticed Grinder
  2501 | D:3      | Banished Grinder
  2501 | D:3      | Reached skill level 5 in Invocations
  2501 | D:3      | Reached XP level 6. HP: 29/46 MP: 9/11
  2578 | D:3      | Reached skill level 5 in Maces & Flails
  2912 | D:3      | Found a glowing silver altar of Zin.
  3031 | D:3      | Found a white marble altar of Elyvilon.
  3172 | D:3      | Noticed Crazy Yiuf
  3195 | D:3      | Killed Crazy Yiuf
  3327 | D:4      | Found Qebridd Ajae's Magical Wand Emporium.
  3336 | D:4      | Bought a wand of lightning (5) for 126 gold pieces
  4049 | D:4      | Reached skill level 6 in Invocations
  4227 | D:5      | Entered Level 5 of the Dungeon
  4235 | D:5      | Noticed Menkaure
  4269 | D:4      | Gained mutation: You are mostly covered in large bone plates (AC +3, SH +4). [demonic ancestry]
  4269 | D:4      | Reached XP level 7. HP: 32/51 MP: 14/14
  4391 | D:5      | Killed Menkaure
  4488 | D:5      | Paralysed by a giant eyeball for 3 turns
  4515 | D:5      | Noticed a troll
  4700 | D:5      | Acquired Lugonu's fourth power
  5008 | D:5      | Reached skill level 7 in Invocations
  5503 | D:5      | Found a blossoming altar of Fedhas.
  5517 | D:5      | Gained mutation: You have sharp toenails. [demonic ancestry]
  5517 | D:5      | Reached XP level 8. HP: 50/58 MP: 18/18
  5551 | D:5      | Noticed an oklob plant
  5814 | D:5      | Killed a troll
  5916 | D:6      | Reached skill level 8 in Invocations
  6596 | D:6      | Found Wauplob's Antique Weapon Shop.
  6698 | D:6      | Reached skill level 9 in Invocations
  7176 | D:7      | Reached XP level 9. HP: 53/63 MP: 20/20
  7391 | D:7      | Noticed Blork the orc
  7398 | D:7      | Killed Blork the orc
  7560 | D:7      | Found a staircase to the Ecumenical Temple.
  7592 | Temple   | Entered the Ecumenical Temple
  7675 | D:7      | Acquired Lugonu's fifth power
  7699 | D:7      | Found a radiant altar of Vehumet.
  8098 | D:7      | Reached skill level 10 in Maces & Flails
  8266 | D:8      | Noticed smajdalf's ghost (experienced TeCj)
  8299 | D:8      | Killed smajdalf's ghost
  8512 | D:8      | Reached skill level 11 in Maces & Flails
  8843 | D:8      | Found a staircase to the Orcish Mines.
  9027 | D:8      | Reached XP level 10. HP: 46/69 MP: 22/22
  9150 | D:8      | Found an iron altar of Okawaru.
  9342 | D:8      | Reached skill level 12 in Maces & Flails
  9972 | D:10     | Entered Level 10 of the Dungeon
 10733 | D:11     | Noticed a hill giant
 10773 | D:11     | Reached skill level 13 in Maces & Flails
 10894 | D:11     | Identified a scroll of acquirement
 10895 | D:11     | Got an ancient eveningstar
 10897 | D:11     | Identified the eveningstar "Arhaithe" {crush, Int+3} (You acquired it on level 11 of the Dungeon)
 11024 | D:11     | Killed a hill giant
 11179 | D:11     | Found a staircase to the Lair.
 11320 | D:11     | Gained mutation: Your flesh is cold resistant. [demonic ancestry]
 11320 | D:11     | Reached XP level 11. HP: 48/75 MP: 23/23
 11612 | Lair:1   | Entered Level 1 of the Lair of Beasts
 11640 | Lair:1   | Reached skill level 14 in Maces & Flails
 13482 | Lair:2   | Reached skill level 15 in Maces & Flails
 14838 | Lair:3   | Reached skill level 16 in Maces & Flails
 15162 | Lair:3   | Gained mutation: You have razor-sharp toenails. [demonic ancestry]
 15162 | Lair:3   | Reached XP level 12. HP: 74/81 MP: 24/24
 15639 | Lair:3   | Noticed an eight-headed hydra
 15645 | Lair:3   | Killed an eight-headed hydra
 16968 | Lair:4   | Reached skill level 5 in Fighting
 17601 | Lair:5   | Noticed Nergalle
 17615 | Lair:5   | Killed Nergalle
 17615 | Lair:5   | Reached skill level 5 in Armour
 17661 | Lair:5   | Found a labyrinth entrance.
 17682 | Lab      | Entered a labyrinth
 18560 | Lab      | Noticed a minotaur
 18565 | Lab      | Killed a minotaur
 18927 | Lair:5   | Got a faintly humming plate armour
 18928 | Lair:5   | Identified the -1 plate armour of the Unseen Realm {Str-2 Int+2} (You acquired it on level 5 of the Lair of Beasts)
 19408 | Lair:5   | Noticed a five-headed hydra
 19416 | Lair:5   | Killed a five-headed hydra
 19510 | Lair:5   | Noticed an eight-headed hydra
 19722 | Lair:5   | Killed an eight-headed hydra
 19722 | Lair:5   | Gained mutation: You are completely covered in large bone plates (AC +4, SH +6). [demonic ancestry]
 19722 | Lair:5   | Reached XP level 13. HP: 70/95 MP: 25/25
 20402 | Lair:6   | Found a staircase to the Shoals.
 20480 | Lair:6   | Found a viscous altar of Jiyva.
 20481 | Lair:6   | Found a staircase to the Slime Pits.
 20502 | Lair:6   | Found a hole to the Spider Nest.
 21474 | Spider:1 | Entered Level 1 of the Spider Nest
 21814 | Shoals:1 | Entered Level 1 of the Shoals
 23014 | Lair:7   | Reached skill level 10 in Fighting
 23506 | Lair:8   | Entered Level 8 of the Lair of Beasts
 23514 | Lair:8   | Reached skill level 10 in Armour
 23551 | Lair:8   | Reached skill level 1 in Traps
 24627 | Lair:8   | Found a glowing silver altar of Zin.
 24878 | Lair:8   | Reached skill level 5 in Traps
 24957 | Lair:8   | Gained mutation: You have claws for feet. [demonic ancestry]
 24957 | Lair:8   | Reached XP level 14. HP: 105/105 MP: 26/26
 26256 | Lair:8   | Reached skill level 1 in Dodging
 26671 | Lair:8   | Got a fine turquoise ring
 26672 | Lair:8   | Identified the ring of the Hundredfold Suns {Hunger+ +Fly rN+ Str+1 Int-2} (You found it on level 8 of the Lair of Beasts)
 26837 | Lair:8   | Reached skill level 10 in Invocations
 26909 | Lair:8   | Reached skill level 1 in Shields
 27827 | Orc:1    | Entered Level 1 of the Orcish Mines
 28068 | Orc:2    | Noticed Gastronok
 28081 | Orc:2    | Killed Gastronok
 28081 | Orc:2    | Reached skill level 5 in Dodging
 28143 | Orc:2    | Noticed Psyche
 28157 | Orc:2    | Killed Psyche
 28284 | Orc:2    | Noticed Erolcha
 28291 | Orc:2    | Killed Erolcha
 28380 | Orc:2    | Noticed Maurice
 28392 | Orc:2    | Killed Maurice
 29080 | Orc:3    | Found a roughly hewn altar of Beogh.
 29258 | Orc:3    | Noticed Erica
 29272 | Orc:3    | Killed Erica
 29462 | Orc:4    | Entered Level 4 of the Orcish Mines
 29478 | Orc:4    | Found a staircase to the Elven Halls.
 29526 | Orc:4    | Found Zeisarr's Jewellery Emporium.
 29549 | Orc:4    | Reached skill level 5 in Shields
 29891 | Orc:4    | Found Kloacep's Antique Weapon Boutique.
 30104 | Orc:4    | Found Gasa's General Store.
 30125 | Orc:4    | Bought a scroll of identify for 20 gold pieces
 30396 | Orc:4    | Found Upoak's Antique Armour Boutique.
 30427 | Orc:4    | Reached XP level 15. HP: 104/111 MP: 28/28
 30589 | Elf:1    | Entered Level 1 of the Elven Halls
 31311 | Orc:1    | You fall through a shaft!
 31870 | D:12     | Noticed Joseph
 31881 | D:12     | Killed Joseph
 32006 | D:12     | Found a portal to a secret trove of treasure.
 32577 | D:13     | Gained mutation: You are weak (Str -1). [mutagenic meat]
 32578 | D:13     | Lost mutation: You are weak (Str -1). [mutagenic meat]
 32579 | D:13     | Gained mutation: You can spit poison. [mutagenic meat]
 32580 | D:13     | Gained mutation: Your natural rate of healing is unusually fast. [mutagenic meat]
 33168 | D:13     | Gained mutation: You tend to lose your temper in combat. [mutagenic meat]
 33372 | D:14     | Entered Level 14 of the Dungeon
 33485 | D:14     | Gained mutation: You have a fast metabolism. [mutagenic meat]
 33486 | D:14     | Gained mutation: You have a very fast metabolism. [mutagenic meat]
 33634 | D:14     | Found a glowing golden altar of the Shining One.
 34063 | D:15     | Entered Level 15 of the Dungeon
 34515 | D:15     | Lost mutation: You have a very fast metabolism. [mutagenic meat]
 34516 | D:15     | Gained mutation: Your muscles are flexible, but weak (Str -1, Dex +1). [mutagenic meat]
 34517 | D:15     | Gained mutation: Your spells are a little harder to cast, but a little more powerful. [mutagenic meat]
 34774 | D:15     | Gained mutation: You have a pair of small horns on your head. [mutagenic meat]
 34776 | D:15     | Gained mutation: You often lose your temper in combat. [mutagenic meat]
 34777 | D:15     | Gained mutation: Your magical capacity is low (-10% MP). [mutagenic meat]
 35035 | D:15     | Noticed Josephine
 35058 | D:15     | Killed Josephine
 35731 | D:16     | Found Tharagi's Armour Shoppe.
 35759 | D:16     | Gained mutation: You are agile (Dex +1). [potion of mutation]
 35760 | D:16     | Gained mutation: Your magical capacity is very low (-20% MP). [potion of mutation]
 35760 | D:16     | Gained mutation: You are resistant to hostile enchantments. [potion of mutation]
 35760 | D:16     | Gained mutation: Your body is slowly deteriorating. [potion of mutation]
 35761 | D:16     | Gained mutation: You can spit moderately strong poison. [potion of mutation]
 35761 | D:16     | Lost mutation: Your muscles are flexible, but weak (Str -1, Dex +1). [potion of mutation]
 36422 | D:16     | Found Egeafaun's Antique Armour Boutique.
 36428 | D:16     | Noticed Nessos
 36440 | D:16     | Killed Nessos
 36632 | D:17     | Lost mutation: Your magical capacity is very low (-20% MP). [mutagenic meat]
 36857 | D:17     | Gained mutation: Armour fits poorly on your strangely shaped body. [mutagenic meat]
 36864 | D:17     | Lost mutation: You can spit moderately strong poison. [potion of cure mutation]
 36864 | D:17     | Lost mutation: Your magical capacity is low (-10% MP). [potion of cure mutation]
 36864 | D:17     | Lost mutation: Armour fits poorly on your strangely shaped body. [potion of cure mutation]
 36864 | D:17     | Lost mutation: Your body is slowly deteriorating. [potion of cure mutation]
 36951 | D:17     | Reached skill level 10 in Dodging
 37212 | D:17     | Gained mutation: You are partially covered in sharp spines. [demonic ancestry]
 37212 | D:17     | Reached XP level 16. HP: 93/119 MP: 29/29
 37495 | D:17     | Reached skill level 10 in Shields
 38596 | D:18     | Lost mutation: You often lose your temper in combat. [mutagenic meat]
 38597 | D:18     | Gained mutation: Your magical capacity is low (-10% MP). [mutagenic meat]
 38598 | D:18     | Lost mutation: Your magical capacity is low (-10% MP). [mutagenic meat]
 38891 | Lair:1   | Learned a level 1 spell: Apportation
 38894 | Lair:1   | Learned a level 2 spell: Repel Missiles
 38896 | Lair:1   | Learned a level 1 spell: Animate Skeleton
 39236 | D:18     | Reached skill level 1 in Charms
 40024 | D:19     | Found a snail-covered altar of Cheibriados.
 40401 | D:19     | Lost mutation: You can spit poison. [mutagenic meat]
 40402 | D:19     | Lost mutation: You have a fast metabolism. [mutagenic meat]
 40403 | D:19     | Gained mutation: You are agile (Dex +2). [mutagenic meat]
 40404 | D:19     | Gained mutation: You have a fast metabolism. [mutagenic meat]
 40405 | D:19     | Lost mutation: Your natural rate of healing is unusually fast. [mutagenic meat]
 40406 | D:19     | Gained mutation: You can spit poison. [mutagenic meat]
 40774 | D:20     | Entered Level 20 of the Dungeon
 40774 | D:20     | Found a staircase to the Vaults.
 40774 | D:20     | Noticed Rupert
 40774 | D:20     | Noticed Wiglaf
 40828 | D:19     | Gained mutation: Armour fits poorly on your strangely shaped body. [mutagenic meat]
 40829 | D:19     | Lost mutation: You can spit poison. [mutagenic meat]
 40830 | D:19     | Gained mutation: You are agile (Dex +3). [mutagenic meat]
 40845 | D:20     | Noticed Jorgrun
 40862 | D:20     | Killed Jorgrun
 40898 | D:20     | Noticed Jory
 42284 | Spider:1 | Reached skill level 5 in Charms
 42297 | Spider:1 | Noticed an emperor scorpion
 42322 | Spider:1 | Slain by an emperor scorpion

Action                   |  1- 3 |  4- 6 |  7- 9 | 10-12 | 13-15 | 16-18 || total
-------------------------+-------+-------+-------+-------+-------+-------++-------
Melee: Mace              |   108 |   250 |       |       |       |       ||   358
       Whip              |       |    21 |   614 |   262 |       |       ||   897
       Flail             |       |       |       |    76 |       |       ||    76
       Eveningstar       |       |       |       |   747 |  1890 |   412 ||  3049
 Fire: Sling             |       |     3 |    10 |    26 |       |       ||    39
Throw: Stone             |    13 |     4 |       |       |       |       ||    17
       Dart              |     8 |    13 |    17 |     6 |       |       ||    44
       Javelin           |       |       |       |       |       |     8 ||     8
Invok: Depart the Abyss  |     1 |       |       |       |       |       ||     1
       Banish            |       |     4 |       |       |     5 |     1 ||    10
       Bend Space        |       |       |       |       |     5 |       ||     5
 Abil: Evoke Invisibilit |       |       |     1 |       |     1 |       ||     2
       Spit Poison       |       |       |       |       |     1 |       ||     1
Evoke: Deck              |       |       |       |     2 |       |       ||     2
       Wand              |       |       |       |     7 |    34 |     5 ||    46
       Miscellaneous     |       |       |       |     1 |    11 |       ||    12
  Use: Scroll            |       |     9 |     8 |    19 |    11 |     8 ||    55
       Potion            |       |     1 |     1 |     1 |     6 |     6 ||    15
 Stab: Invisible         |       |     1 |     1 |       |       |       ||     2
       Petrifying        |       |       |       |     2 |       |       ||     2
       Fleeing           |       |       |       |       |     2 |       ||     2
       Petrified         |       |       |       |       |     1 |       ||     1
       Paralysed         |       |       |       |       |     1 |       ||     1
       Sleeping          |       |       |       |       |       |     4 ||     4
